Oilers vs Bruins

Created - February 4 2012 at 10:27

Goals
1 2 3 T
Oilers 1 2 2 5
Bruins 2 1 1 4
Shots
1 2 3 T
Oilers 8 9 13 30
Bruins 8 9 12 29

Period #1

1. Oilers , Michal Handzus 10 (Scott Hannan, Radek Dvorak) at 6:58
2. Bruins , Evander Kane 7 (Chris Kelly, Jordan Leopold) at 12:20
3. Bruins , Rick Nash 22 (Zdeno Chara, Tobias Enstrom) at 14:32 (PP)

Penalties :
Zach Bogosian (BOS) for High sticking (Minor) at 0:52, Adam Burish (EDM) for High sticking (Minor) at 1:57, Milan Lucic (BOS) for Hooking (Minor) at 7:05, Brad Marchand (BOS) for Tripping (Minor) at 10:01, Dany Heatley (EDM) for Holding (Minor) at 14:22, Gregory Campbell (BOS) for Roughing (Minor) at 15:36

Period #2

4. Oilers , Chris Phillips 3 (Dany Heatley, Stephen Weiss) at 1:24
5. Bruins , Jordan Leopold 7 (Dennis Seidenberg, Tyler Seguin) at 3:04 (PP)
6. Oilers , Adrian Aucoin 7 (Jochen Hecht, Stephen Weiss) at 8:35 (PP)

Penalties :
Michal Handzus (EDM) for Holding (Minor) at 2:58, Zdeno Chara (BOS) for Slashing (Minor) at 7:33, Adam McQuaid (BOS) for Holding (Minor) at 12:55, Dennis Seidenberg (BOS) for Hooking (Minor) at 18:12

Period #3

7. Oilers , Scott Nichol 3 (Chris Phillips, Adam Burish) at 14:05
8. Oilers , Stephen Weiss 27 (Jochen Hecht, Karlis Skrastins) at 15:10 (PP)
9. Bruins , Ales Hemsky 19 (Rick Nash, Rich Peverley) at 15:30

Penalties :
Dennis Seidenberg (BOS) for Interference (Minor) at 0:48, Rich Peverley (BOS) for Hooking (Minor) at 6:18, Evander Kane (BOS) for Cross-checking (Minor) at 14:44, Chris Phillips (EDM) for Hooking (Minor) at 18:39

Goalie Stats

Kari Lehtonen (EDM), 25 saves from 29 shots - (0.862), W, 21-16-6, 60:00 minutes
Tuukka Rask (BOS), 25 saves from 30 shots - (0.833), L, 7-4-0, 59:11 minutes

Players Stats

Oilers
Player Name              G  A  P  +/- PIM S  H  SB FO    MP 
------------------------------------------------------------
Adam Burish              0  1  1   1  2   1  4  0  1/3   21 
Adrian Aucoin            1  0  1   1  0   1  0  0  0/0   22 
Andrew Ladd              0  0  0   1  0   2  0  0  0/0   19 
Brent Sopel              0  0  0  -1  0   1  1  0  0/0   18 
Chris Phillips           1  1  2   2  2   1  0  2  0/0   22 
Dany Heatley             0  1  1   1  2   4  3  0  0/0   19 
Derek Roy                0  0  0   0  0   1  1  0  14/27 17 
Fernando Pisani          0  0  0   1  0   0  0  0  1/1   8  
Jochen Hecht             0  2  2   0  0   5  1  0  0/0   15 
Karlis Skrastins         0  1  1   0  0   2  0  1  0/0   18 
Michal Handzus           1  0  1  -1  2   1  1  0  9/23  19 
Radek Dvorak             0  1  1  -1  0   1  0  0  1/1   16 
Roman Hamrlik            0  0  0   1  0   1  2  0  0/0   20 
Scott Hannan             0  1  1  -1  0   0  4  1  0/0   17 
Scott Nichol             1  0  1   1  0   1  0  0  3/9   9  
Stephen Weiss            1  2  3   1  0   6  1  0  10/23 17 
Steve Sullivan           0  0  0  -1  0   2  1  0  2/6   18 
Todd Marchant            0  0  0   0  0   0  0  0  0/0   0  
Bruins
Player Name              G  A  P  +/- PIM S  H  SB FO    MP 
------------------------------------------------------------
Adam McQuaid             0  0  0  -1  2   0  0  0  0/0   16 
Ales Hemsky              1  0  1   0  0   7  1  0  1/2   21 
Brad Marchand            0  0  0   1  2   1  1  0  0/0   16 
Chris Kelly              0  1  1   1  0   0  0  0  12/17 10 
Dennis Seidenberg        0  1  1  -2  4   0  2  1  0/0   20 
Derick Brassard          0  0  0  -2  0   1  1  0  9/20  11 
Evander Kane             1  0  1   1  2   2  2  0  0/0   10 
Gregory Campbell         0  0  0  -1  2   0  4  0  1/2   11 
Jordan Leopold           1  1  2   1  0   3  0  0  0/0   15 
Milan Lucic              0  0  0  -2  2   5  2  0  2/2   20 
Nathan Horton            0  0  0  -1  0   2  1  0  0/0   14 
Rich Peverley            0  1  1   1  2   1  0  0  15/26 21 
Rick Nash                1  1  2   1  0   3  4  0  0/0   14 
Steven Kampfer           0  0  0  -1  0   1  0  0  0/0   7  
Tobias Enstrom           0  1  1   1  0   1  0  0  0/0   14 
Tyler Seguin             0  1  1  -1  0   1  0  0  12/24 16 
Zach Bogosian            0  0  0   1  2   1  2  2  0/0   21 
Zdeno Chara              0  1  1  -2  2   0  4  3  0/0   26 

3 Stars

1 - Stephen Weiss (EDM)
2 - Rick Nash (BOS)
3 - Jordan Leopold (BOS)

Power Play

Oilers - 2 on 10 Attempt(s) - 20.00%
Bruins - 2 on 4 Attempt(s) - 50.00%

Penalty Kill

Oilers - 2 on 4 Attempt(s) - 50.00% - Score 0 goal in Penalty Kill
Bruins - 8 on 10 Attempt(s) - 80.00% - Score 0 goal in Penalty Kill

Game Notes

No Game Note

Finance

Level 1 -- Attendance: 6500 (100.00%) -- Ticket Income $487,500.00
Level 2 -- Attendance: 5000 (100.00%) -- Ticket Income $250,000.00
Level 3 -- Attendance: 3500 (100.00%) -- Ticket Income $105,000.00
Level 4 -- Attendance: 1565 (100.00%) -- Ticket Income $31,300.00
Luxury Box -- Attendance: 988 (98.80%) -- Ticket Income $148,200.00
Game was played at the TD Garden
Total Attendance: 17553 (99.93%)
Total Ticket Income: $1,073,407.00
Other Income: $218,819.70
Total Income: $1,292,227.00


Play by Play

Period #1

0:01 of 1st period - Derick Brassard wins face-off versus Stephen Weiss in neutral zone.
0:05 of 1st period - Icing by Chris Phillips.
0:06 of 1st period - Rich Peverley wins face-off versus Stephen Weiss in Oilers zone.
0:11 of 1st period - Shot by Rick Nash.
0:11 of 1st period - Shot Misses the Net.
0:14 of 1st period - Icing by Roman Hamrlik.
0:15 of 1st period - Stephen Weiss wins face-off versus Derick Brassard in Oilers zone.
0:15 of 1st period - Andrew Ladd is hit by Milan Lucic and loses puck.
0:26 of 1st period - Shot by Stephen Weiss.
0:26 of 1st period - Deflect By Andrew Ladd.
0:26 of 1st period - Shot Blocked by Zdeno Chara.
0:28 of 1st period - Shot by Stephen Weiss.
0:28 of 1st period - Stopped by Tuukka Rask without a rebound.
0:29 of 1st period - Rich Peverley wins face-off versus Adam Burish in Bruins zone.
0:51 of 1st period - Jochen Hecht is hit by Zach Bogosian.
0:52 of 1st period - Minor Penalty to Zach Bogosian for High sticking.
0:53 of 1st period - Tyler Seguin wins face-off versus Derek Roy in Bruins zone.
1:56 of 1st period - Adam McQuaid is hit by Stephen Weiss.
1:57 of 1st period - Minor Penalty to Adam Burish for High sticking.
1:58 of 1st period - Stephen Weiss wins face-off versus Rich Peverley in Oilers zone.
4:09 of 1st period - Shot by Evander Kane.
4:09 of 1st period - Shot Blocked by Scott Hannan.
4:19 of 1st period - Shot by Radek Dvorak.
4:19 of 1st period - Shot Blocked by Zdeno Chara.
4:28 of 1st period - Steve Sullivan is hit by Zdeno Chara and loses puck.
5:32 of 1st period - Milan Lucic is hit by Roman Hamrlik and loses puck.
5:47 of 1st period - Shot by Milan Lucic.
5:47 of 1st period - Stopped by Kari Lehtonen without a rebound.
5:48 of 1st period - Michal Handzus wins face-off versus Chris Kelly in Oilers zone.
5:50 of 1st period - Icing by Steve Sullivan.
5:51 of 1st period - Michal Handzus wins face-off versus Derick Brassard in Oilers zone.
6:02 of 1st period - Shot by Michal Handzus.
6:02 of 1st period - Deflect By Steve Sullivan.
6:02 of 1st period - Stopped by Tuukka Rask without a rebound.
6:03 of 1st period - Chris Kelly wins face-off versus Derek Roy in Bruins zone.
6:29 of 1st period - Shot by Evander Kane.
6:29 of 1st period - Shot Misses the Net.
6:31 of 1st period - Shot by Brad Marchand.
6:31 of 1st period - Stopped by Kari Lehtonen without a rebound.
6:32 of 1st period - Radek Dvorak wins face-off versus Tyler Seguin in Oilers zone.
6:32 of 1st period - Radek Dvorak is hit by Gregory Campbell.
6:54 of 1st period - Shot by Radek Dvorak.
6:54 of 1st period - Shot Misses the Net.
6:58 of 1st period - Shot by Michal Handzus.
6:58 of 1st period - Goal by Michal Handzus - Oilers : 1 - Bruins : 0.
6:59 of 1st period - Milan Lucic wins face-off versus Stephen Weiss in neutral zone.
7:05 of 1st period - Minor Penalty to Milan Lucic for Hooking.
7:06 of 1st period - Derek Roy wins face-off versus Gregory Campbell in Bruins zone.
8:02 of 1st period - Tyler Seguin is hit by Adam Burish and loses puck.
8:14 of 1st period - Icing by Karlis Skrastins.
8:15 of 1st period - Rich Peverley wins face-off versus Stephen Weiss in Oilers zone.
8:34 of 1st period - Shot by Stephen Weiss.
8:34 of 1st period - Stopped by Tuukka Rask without a rebound.
8:35 of 1st period - Derek Roy wins face-off versus Tyler Seguin in Bruins zone.
9:22 of 1st period - Shot by Rick Nash.
9:22 of 1st period - Shot Misses the Net.
9:56 of 1st period - Shot by Evander Kane.
9:56 of 1st period - Shot Misses the Net.
9:58 of 1st period - Shot by Brad Marchand.
9:58 of 1st period - Shot Misses the Net.
10:01 of 1st period - Minor Penalty to Brad Marchand for Tripping.
10:02 of 1st period - Tyler Seguin wins face-off versus Stephen Weiss in Bruins zone.
10:02 of 1st period - Tyler Seguin is hit by Jochen Hecht.
10:40 of 1st period - Shot by Jochen Hecht.
10:40 of 1st period - Stopped by Tuukka Rask without a rebound.
10:41 of 1st period - Derek Roy wins face-off versus Rich Peverley in Bruins zone.
12:20 of 1st period - Shot by Evander Kane.
12:20 of 1st period - Goal by Evander Kane - Oilers : 1 - Bruins : 1.
12:21 of 1st period - Tyler Seguin wins face-off versus Michal Handzus in neutral zone.
12:34 of 1st period - Shot by Tyler Seguin.
12:34 of 1st period - Deflect By Ales Hemsky.
12:34 of 1st period - Stopped by Kari Lehtonen without a rebound.
12:35 of 1st period - Scott Nichol wins face-off versus Rich Peverley in Oilers zone.
12:35 of 1st period - Scott Nichol is hit by Rick Nash.
12:42 of 1st period - Adrian Aucoin is hit by Ales Hemsky and loses puck.
13:43 of 1st period - Shot by Radek Dvorak.
13:43 of 1st period - Stopped by Tuukka Rask without a rebound.
13:44 of 1st period - Stephen Weiss wins face-off versus Tyler Seguin in Bruins zone.
14:22 of 1st period - Minor Penalty to Dany Heatley for Holding.
14:23 of 1st period - Rich Peverley wins face-off versus Michal Handzus in Oilers zone.
14:28 of 1st period - Shot by Tobias Enstrom.
14:28 of 1st period - Stopped by Kari Lehtonen with a rebound.
14:32 of 1st period - Shot by Rick Nash.
14:32 of 1st period - Goal by Rick Nash - Oilers : 1 - Bruins : 2.
14:33 of 1st period - Michal Handzus wins face-off versus Chris Kelly in neutral zone.
14:35 of 1st period - Steve Sullivan is hit by Zdeno Chara and loses puck.
15:36 of 1st period - Minor Penalty to Gregory Campbell for Roughing.
15:37 of 1st period - Adam Burish wins face-off versus Tyler Seguin in Bruins zone.
15:42 of 1st period - Shot by Stephen Weiss.
15:42 of 1st period - Shot Blocked by Zach Bogosian.
15:46 of 1st period - Shot by Jochen Hecht.
15:46 of 1st period - Shot Blocked by Dennis Seidenberg.
15:48 of 1st period - Shot by Adam Burish.
15:48 of 1st period - Stopped by Tuukka Rask without a rebound.
15:49 of 1st period - Derek Roy wins face-off versus Tyler Seguin in Bruins zone.
15:53 of 1st period - Derek Roy is hit by Dennis Seidenberg and loses puck.
16:54 of 1st period - Shot by Jochen Hecht.
16:54 of 1st period - Shot Misses the Net.
18:23 of 1st period - Shot by Jordan Leopold.
18:23 of 1st period - Stopped by Kari Lehtonen without a rebound.
18:24 of 1st period - Derick Brassard wins face-off versus Scott Nichol in Oilers zone.
19:36 of 1st period - Shot by Stephen Weiss.
19:36 of 1st period - Shot Misses the Net.
19:38 of 1st period - Shot by Stephen Weiss.
19:38 of 1st period - Stopped by Tuukka Rask without a rebound.
19:39 of 1st period - Rich Peverley wins face-off versus Michal Handzus in Bruins zone.
19:39 of 1st period - Rich Peverley is hit by Steve Sullivan.
19:51 of 1st period - Shot by Ales Hemsky.
19:51 of 1st period - Stopped by Kari Lehtonen with a rebound.

Period #2

0:01 of 2nd period - Stephen Weiss wins face-off versus Derick Brassard in neutral zone.
0:24 of 2nd period - Shot by Milan Lucic.
0:24 of 2nd period - Deflect By Derick Brassard.
0:24 of 2nd period - Stopped by Kari Lehtonen without a rebound.
0:25 of 2nd period - Rich Peverley wins face-off versus Derek Roy in Oilers zone.
1:05 of 2nd period - Off-side.
1:06 of 2nd period - Stephen Weiss wins face-off versus Derick Brassard in neutral zone.
1:22 of 2nd period - Shot by Dany Heatley.
1:22 of 2nd period - Stopped by Tuukka Rask with a rebound.
1:24 of 2nd period - Shot by Chris Phillips.
1:24 of 2nd period - Goal by Chris Phillips - Oilers : 2 - Bruins : 2.
1:25 of 2nd period - Michal Handzus wins face-off versus Chris Kelly in neutral zone.
1:54 of 2nd period - Shot by Michal Handzus.
1:54 of 2nd period - Shot Misses the Net.
1:56 of 2nd period - Shot by Brent Sopel.
1:56 of 2nd period - Stopped by Tuukka Rask without a rebound.
1:57 of 2nd period - Tyler Seguin wins face-off versus Stephen Weiss in Bruins zone.
2:01 of 2nd period - Off-side.
2:02 of 2nd period - Fernando Pisani wins face-off versus Rich Peverley in neutral zone.
2:04 of 2nd period - Scott Nichol is hit by Zach Bogosian and loses puck.
2:58 of 2nd period - Minor Penalty to Michal Handzus for Holding.
2:59 of 2nd period - Tyler Seguin wins face-off versus Steve Sullivan in Oilers zone.
3:02 of 2nd period - Shot by Jordan Leopold.
3:02 of 2nd period - Shot Misses the Net.
3:04 of 2nd period - Shot by Jordan Leopold.
3:04 of 2nd period - Goal by Jordan Leopold - Oilers : 2 - Bruins : 3.
3:05 of 2nd period - Chris Kelly wins face-off versus Michal Handzus in neutral zone.
3:11 of 2nd period - Icing by Brent Sopel.
3:12 of 2nd period - Derick Brassard wins face-off versus Steve Sullivan in Oilers zone.
3:42 of 2nd period - Icing by Dennis Seidenberg.
3:43 of 2nd period - Derick Brassard wins face-off versus Stephen Weiss in Bruins zone.
3:52 of 2nd period - Shot by Andrew Ladd.
3:52 of 2nd period - Stopped by Tuukka Rask without a rebound.
3:53 of 2nd period - Derek Roy wins face-off versus Ales Hemsky in Bruins zone.
3:59 of 2nd period - Shot by Derek Roy.
3:59 of 2nd period - Stopped by Tuukka Rask without a rebound.
4:00 of 2nd period - Chris Kelly wins face-off versus Stephen Weiss in Bruins zone.
4:18 of 2nd period - Shot by Dany Heatley.
4:18 of 2nd period - Stopped by Tuukka Rask without a rebound.
4:19 of 2nd period - Ales Hemsky wins face-off versus Derek Roy in Bruins zone.
4:19 of 2nd period - Ales Hemsky is hit by Adam Burish.
4:35 of 2nd period - Adrian Aucoin is hit by Rick Nash and loses puck.
4:44 of 2nd period - Shot by Ales Hemsky.
4:44 of 2nd period - Deflect By Rich Peverley.
4:44 of 2nd period - Stopped by Kari Lehtonen without a rebound.
4:45 of 2nd period - Derick Brassard wins face-off versus Michal Handzus in Oilers zone.
6:09 of 2nd period - Shot by Ales Hemsky.
6:09 of 2nd period - Deflect By Rick Nash.
6:09 of 2nd period - Stopped by Kari Lehtonen without a rebound.
6:10 of 2nd period - Derek Roy wins face-off versus Tyler Seguin in Oilers zone.
6:18 of 2nd period - Icing by Jochen Hecht.
6:19 of 2nd period - Chris Kelly wins face-off versus Derek Roy in Oilers zone.
6:34 of 2nd period - Icing by Zach Bogosian.
6:35 of 2nd period - Chris Kelly wins face-off versus Stephen Weiss in Bruins zone.
6:37 of 2nd period - Icing by Brad Marchand.
6:38 of 2nd period - Chris Kelly wins face-off versus Scott Nichol in Bruins zone.
6:44 of 2nd period - Icing by Fernando Pisani.
6:45 of 2nd period - Scott Nichol wins face-off versus Tyler Seguin in Oilers zone.
6:45 of 2nd period - Scott Nichol is hit by Gregory Campbell.
7:15 of 2nd period - Shot by Steven Kampfer.
7:15 of 2nd period - Stopped by Kari Lehtonen without a rebound.
7:16 of 2nd period - Derick Brassard wins face-off versus Michal Handzus in Oilers zone.
7:19 of 2nd period - Shot by Milan Lucic.
7:19 of 2nd period - Stopped by Kari Lehtonen without a rebound.
7:20 of 2nd period - Michal Handzus wins face-off versus Derick Brassard in Oilers zone.
7:20 of 2nd period - Michal Handzus is hit by Nathan Horton.
7:27 of 2nd period - Brent Sopel is hit by Dennis Seidenberg and loses puck.
7:33 of 2nd period - Minor Penalty to Zdeno Chara for Slashing.
7:34 of 2nd period - Tyler Seguin wins face-off versus Derek Roy in Bruins zone.
8:33 of 2nd period - Shot by Jochen Hecht.
8:33 of 2nd period - Shot Misses the Net.
8:35 of 2nd period - Shot by Adrian Aucoin.
8:35 of 2nd period - Goal by Adrian Aucoin - Oilers : 3 - Bruins : 3.
8:36 of 2nd period - Chris Kelly wins face-off versus Michal Handzus in neutral zone.
8:36 of 2nd period - Chris Kelly is hit by Michal Handzus.
9:03 of 2nd period - Icing by Brad Marchand.
9:04 of 2nd period - Chris Kelly wins face-off versus Derek Roy in Bruins zone.
9:09 of 2nd period - Derek Roy is hit by Evander Kane and loses puck.
9:43 of 2nd period - Jochen Hecht is hit by Gregory Campbell and loses puck.
10:01 of 2nd period - Shot by Ales Hemsky.
10:01 of 2nd period - Stopped by Kari Lehtonen without a rebound.
10:02 of 2nd period - Derick Brassard wins face-off versus Michal Handzus in Oilers zone.
10:20 of 2nd period - Milan Lucic is hit by Scott Hannan and loses puck.
10:59 of 2nd period - Ales Hemsky is hit by Scott Hannan and loses puck.
11:33 of 2nd period - Off-side.
11:34 of 2nd period - Chris Kelly wins face-off versus Scott Nichol in neutral zone.
12:08 of 2nd period - Shot by Chris Kelly.
12:08 of 2nd period - Shot Misses the Net.
12:10 of 2nd period - Shot by Jordan Leopold.
12:10 of 2nd period - Shot Misses the Net.
12:55 of 2nd period - Minor Penalty to Adam McQuaid for Holding.
12:56 of 2nd period - Derek Roy wins face-off versus Tyler Seguin in Bruins zone.
13:05 of 2nd period - Shot by Derek Roy.
13:05 of 2nd period - Shot Misses the Net.
13:54 of 2nd period - Shot by Jochen Hecht.
13:54 of 2nd period - Stopped by Tuukka Rask without a rebound.
13:55 of 2nd period - Derek Roy wins face-off versus Rich Peverley in Bruins zone.
15:28 of 2nd period - Rick Nash is hit by Scott Hannan and loses puck.
15:58 of 2nd period - Milan Lucic is hit by Roman Hamrlik and loses puck.
16:02 of 2nd period - Icing by Roman Hamrlik.
16:03 of 2nd period - Chris Kelly wins face-off versus Michal Handzus in Oilers zone.
16:03 of 2nd period - Brad Marchand is hit by Scott Hannan.
16:24 of 2nd period - Shot by Evander Kane.
16:24 of 2nd period - Stopped by Kari Lehtonen with a rebound.
16:31 of 2nd period - Off-side.
16:32 of 2nd period - Rich Peverley wins face-off versus Scott Nichol in neutral zone.
16:34 of 2nd period - Off-side.
16:35 of 2nd period - Rich Peverley wins face-off versus Scott Nichol in neutral zone.
16:44 of 2nd period - Shot by Zach Bogosian.
16:44 of 2nd period - Stopped by Kari Lehtonen without a rebound.
16:45 of 2nd period - Derek Roy wins face-off versus Tyler Seguin in Oilers zone.
18:12 of 2nd period - Minor Penalty to Dennis Seidenberg for Hooking.
18:13 of 2nd period - Stephen Weiss wins face-off versus Tyler Seguin in Bruins zone.
18:20 of 2nd period - Shot by Stephen Weiss.
18:20 of 2nd period - Shot Misses the Net.
18:42 of 2nd period - Shot by Jochen Hecht.
18:42 of 2nd period - Stopped by Tuukka Rask without a rebound.
18:43 of 2nd period - Rich Peverley wins face-off versus Michal Handzus in Bruins zone.
19:02 of 2nd period - Shot by Dany Heatley.
19:02 of 2nd period - Shot Misses the Net.

Period #3

0:01 of 3rd period - Derek Roy wins face-off versus Rich Peverley in neutral zone.
0:22 of 3rd period - Shot by Steve Sullivan.
0:22 of 3rd period - Stopped by Tuukka Rask without a rebound.
0:23 of 3rd period - Derek Roy wins face-off versus Rich Peverley in Bruins zone.
0:29 of 3rd period - Icing by Tobias Enstrom.
0:30 of 3rd period - Rich Peverley wins face-off versus Stephen Weiss in Bruins zone.
0:30 of 3rd period - Rich Peverley is hit by Dany Heatley.
0:38 of 3rd period - Shot by Ales Hemsky.
0:38 of 3rd period - Stopped by Kari Lehtonen without a rebound.
0:39 of 3rd period - Derek Roy wins face-off versus Derick Brassard in Oilers zone.
0:39 of 3rd period - Derek Roy is hit by Derick Brassard.
0:48 of 3rd period - Minor Penalty to Dennis Seidenberg for Interference.
0:49 of 3rd period - Tyler Seguin wins face-off versus Derek Roy in Bruins zone.
0:49 of 3rd period - Tyler Seguin is hit by Dany Heatley.
1:03 of 3rd period - Shot by Roman Hamrlik.
1:03 of 3rd period - Shot Misses the Net.
2:34 of 3rd period - Icing by Chris Phillips.
2:35 of 3rd period - Tyler Seguin wins face-off versus Derek Roy in Oilers zone.
2:36 of 3rd period - Shot by Zach Bogosian.
2:36 of 3rd period - Shot Blocked by Chris Phillips.
2:58 of 3rd period - Radek Dvorak is hit by Rick Nash and loses puck.
3:22 of 3rd period - Icing by Brent Sopel.
3:23 of 3rd period - Derick Brassard wins face-off versus Michal Handzus in Oilers zone.
3:28 of 3rd period - Shot by Nathan Horton.
3:28 of 3rd period - Stopped by Kari Lehtonen without a rebound.
3:29 of 3rd period - Chris Kelly wins face-off versus Adam Burish in Oilers zone.
3:48 of 3rd period - Shot by Evander Kane.
3:48 of 3rd period - Deflect By Brad Marchand.
3:48 of 3rd period - Shot Blocked by Chris Phillips.
4:53 of 3rd period - Chris Phillips is hit by Gregory Campbell and loses puck.
6:18 of 3rd period - Minor Penalty to Rich Peverley for Hooking.
6:19 of 3rd period - Tyler Seguin wins face-off versus Derek Roy in Bruins zone.
6:28 of 3rd period - Shot by Roman Hamrlik.
6:28 of 3rd period - Stopped by Tuukka Rask without a rebound.
6:29 of 3rd period - Tyler Seguin wins face-off versus Derek Roy in Bruins zone.
6:29 of 3rd period - Tyler Seguin is hit by Dany Heatley.
6:47 of 3rd period - Shot by Andrew Ladd.
6:47 of 3rd period - Stopped by Tuukka Rask without a rebound.
6:48 of 3rd period - Derek Roy wins face-off versus Tyler Seguin in Bruins zone.
7:27 of 3rd period - Jochen Hecht is hit by Brad Marchand and loses puck.
7:50 of 3rd period - Shot by Karlis Skrastins.
7:50 of 3rd period - Stopped by Tuukka Rask with a rebound.
8:26 of 3rd period - Shot by Jochen Hecht.
8:26 of 3rd period - Stopped by Tuukka Rask without a rebound.
8:27 of 3rd period - Chris Kelly wins face-off versus Michal Handzus in Bruins zone.
8:36 of 3rd period - Shot by Jordan Leopold.
8:36 of 3rd period - Stopped by Kari Lehtonen without a rebound.
8:37 of 3rd period - Rich Peverley wins face-off versus Stephen Weiss in Oilers zone.
8:42 of 3rd period - Shot by Rick Nash.
8:42 of 3rd period - Shot Misses the Net.
9:03 of 3rd period - Shot by Dany Heatley.
9:03 of 3rd period - Shot Misses the Net.
9:05 of 3rd period - Shot by Stephen Weiss.
9:05 of 3rd period - Stopped by Tuukka Rask with a rebound.
9:26 of 3rd period - Shot by Brent Sopel.
9:26 of 3rd period - Shot Blocked by Zach Bogosian.
10:28 of 3rd period - Zdeno Chara is hit by Derek Roy and loses puck.
10:42 of 3rd period - Icing by Dennis Seidenberg.
10:43 of 3rd period - Stephen Weiss wins face-off versus Derick Brassard in Bruins zone.
10:56 of 3rd period - Shot by Milan Lucic.
10:56 of 3rd period - Shot Hit the Post.
10:58 of 3rd period - Shot by Milan Lucic.
10:58 of 3rd period - Stopped by Kari Lehtonen without a rebound.
10:59 of 3rd period - Michal Handzus wins face-off versus Chris Kelly in Oilers zone.
10:59 of 3rd period - Michal Handzus is hit by Evander Kane.
11:10 of 3rd period - Radek Dvorak is hit by Zdeno Chara and loses puck.
11:23 of 3rd period - Shot by Radek Dvorak.
11:23 of 3rd period - Shot Misses the Net.
11:25 of 3rd period - Shot by Steve Sullivan.
11:25 of 3rd period - Deflect By Michal Handzus.
11:25 of 3rd period - Shot Misses the Net.
11:27 of 3rd period - Shot by Michal Handzus.
11:27 of 3rd period - Shot Blocked by Zdeno Chara.
13:02 of 3rd period - Shot by Nathan Horton.
13:02 of 3rd period - Shot Misses the Net.
13:04 of 3rd period - Shot by Nathan Horton.
13:04 of 3rd period - Stopped by Kari Lehtonen without a rebound.
13:05 of 3rd period - Gregory Campbell wins face-off versus Michal Handzus in Oilers zone.
13:33 of 3rd period - Icing by Scott Hannan.
13:34 of 3rd period - Milan Lucic wins face-off versus Steve Sullivan in Oilers zone.
14:05 of 3rd period - Shot by Scott Nichol.
14:05 of 3rd period - Goal by Scott Nichol - Oilers : 4 - Bruins : 3.
14:06 of 3rd period - Tyler Seguin wins face-off versus Stephen Weiss in neutral zone.
14:27 of 3rd period - Shot by Ales Hemsky.
14:27 of 3rd period - Stopped by Kari Lehtonen without a rebound.
14:28 of 3rd period - Derek Roy wins face-off versus Chris Kelly in Oilers zone.
14:34 of 3rd period - Adrian Aucoin is hit by Zdeno Chara and loses puck.
14:44 of 3rd period - Minor Penalty to Evander Kane for Cross-checking.
14:45 of 3rd period - Tyler Seguin wins face-off versus Stephen Weiss in Bruins zone.
15:00 of 3rd period - Shot by Karlis Skrastins.
15:00 of 3rd period - Stopped by Tuukka Rask with a rebound.
15:02 of 3rd period - Shot by Stephen Weiss.
15:02 of 3rd period - Shot Misses the Net.
15:04 of 3rd period - Shot by Stephen Weiss.
15:04 of 3rd period - Shot Misses the Net.
15:06 of 3rd period - Shot by Jochen Hecht.
15:06 of 3rd period - Stopped by Tuukka Rask with a rebound.
15:08 of 3rd period - Shot by Jochen Hecht.
15:08 of 3rd period - Deflect By Stephen Weiss.
15:08 of 3rd period - Stopped by Tuukka Rask with a rebound.
15:10 of 3rd period - Shot by Stephen Weiss.
15:10 of 3rd period - Goal by Stephen Weiss - Oilers : 5 - Bruins : 3.
15:11 of 3rd period - Michal Handzus wins face-off versus Rich Peverley in neutral zone.
15:17 of 3rd period - Rick Nash is hit by Brent Sopel and loses puck.
15:30 of 3rd period - Shot by Rick Nash.
15:30 of 3rd period - Deflect By Ales Hemsky.
15:30 of 3rd period - Goal by Ales Hemsky - Oilers : 5 - Bruins : 4.
15:31 of 3rd period - Stephen Weiss wins face-off versus Derick Brassard in neutral zone.
15:48 of 3rd period - Shot by Dany Heatley.
15:48 of 3rd period - Stopped by Tuukka Rask without a rebound.
15:49 of 3rd period - Rich Peverley wins face-off versus Derek Roy in Bruins zone.
16:04 of 3rd period - Rich Peverley is hit by Adam Burish and loses puck.
16:17 of 3rd period - Shot by Rick Nash.
16:17 of 3rd period - Shot Blocked by Karlis Skrastins.
16:19 of 3rd period - Shot by Rick Nash.
16:19 of 3rd period - Stopped by Kari Lehtonen without a rebound.
16:20 of 3rd period - Michal Handzus wins face-off versus Derick Brassard in Oilers zone.
16:24 of 3rd period - Icing by Radek Dvorak.
16:25 of 3rd period - Derick Brassard wins face-off versus Steve Sullivan in Oilers zone.
16:26 of 3rd period - Shot by Milan Lucic.
16:26 of 3rd period - Deflect By Nathan Horton.
16:26 of 3rd period - Shot Misses the Net.
16:36 of 3rd period - Shot by Milan Lucic.
16:36 of 3rd period - Stopped by Kari Lehtonen without a rebound.
16:37 of 3rd period - Stephen Weiss wins face-off versus Rich Peverley in Oilers zone.
16:48 of 3rd period - Shot by Dany Heatley.
16:48 of 3rd period - Stopped by Tuukka Rask without a rebound.
16:49 of 3rd period - Steve Sullivan wins face-off versus Derick Brassard in Bruins zone.
17:03 of 3rd period - Off-side.
17:04 of 3rd period - Stephen Weiss wins face-off versus Rich Peverley in neutral zone.
17:04 of 3rd period - Stephen Weiss is hit by Rick Nash.
17:11 of 3rd period - Icing by Ales Hemsky.
17:12 of 3rd period - Rich Peverley wins face-off versus Derek Roy in Bruins zone.
17:19 of 3rd period - Shot by Ales Hemsky.
17:19 of 3rd period - Shot Misses the Net.
17:21 of 3rd period - Shot by Rich Peverley.
17:21 of 3rd period - Deflect By Ales Hemsky.
17:21 of 3rd period - Stopped by Kari Lehtonen without a rebound.
17:22 of 3rd period - Michal Handzus wins face-off versus Derick Brassard in Oilers zone.
17:22 of 3rd period - Michal Handzus is hit by Milan Lucic.
18:23 of 3rd period - Icing by Tobias Enstrom.
18:24 of 3rd period - Rich Peverley wins face-off versus Scott Nichol in Bruins zone.
18:24 of 3rd period - Rich Peverley is hit by Adam Burish.
18:39 of 3rd period - Minor Penalty to Chris Phillips for Hooking.
18:40 of 3rd period - Scott Nichol wins face-off versus Tyler Seguin in Oilers zone.
18:49 of 3rd period - Shot by Milan Lucic.
18:49 of 3rd period - Stopped by Kari Lehtonen without a rebound.
18:50 of 3rd period - Rich Peverley wins face-off versus Michal Handzus in Oilers zone.
19:11 of 3rd period - Bruins, Tuukka Rask is pulled from the net.
19:52 of 3rd period - Shot by Tyler Seguin.
19:52 of 3rd period - Shot Misses the Net.
19:54 of 3rd period - Shot by Milan Lucic.
19:54 of 3rd period - Shot Misses the Net.
19:56 of 3rd period - Shot by Tyler Seguin.
19:56 of 3rd period - Stopped by Kari Lehtonen without a rebound.
19:57 of 3rd period - Steve Sullivan wins face-off versus Rich Peverley in Oilers zone.


Output by the SimonT Hockey Simulator (STHS) for Stephane Roy -- Original Page W3C XHTML 1.0 Valid